AoeStats
← MrFeuillu

Arena

509463352Analyzed
2v2 RM · 4d ago on Sep 26, 2026· 23m 5s· 4 players
Game mode
Random Map
Map size
Medium (4 player)
Population
200
Speed
Normal
Resources
Standard
Victory
Conquest
Starting age
Dark Age
Ending age
Imperial Age
RankedLock teamsTeams togetherTeam positionsShared explorationLock speedFull tech treeHidden civsTurbo modeCheats
Victory
Defeat
🇫🇷 Turks · France
1348
+17
🇫🇷 Huns · France
1281
+20
🇭🇺 Bulgarians · Hungary
1422
-21
🇹🇷 Burgundians · Türkiye
1311
-16
huninter
10:34 Feudal Age
11:51 Double-Bit Axe
14:39 Castle Age
12:29 Horse Collar
15:54 Bow Saw
15:37 Gold Mining
Cacko
3:53 Double-Bit Axe
10:25 Feudal Age
12:42 Bow Saw
14:38 Castle Age
13:15 Horse Collar
16:58 Wheelbarrow
17:32 Loom
23:13 Stone Mining
MrFeuillu
10:54 Feudal Age
15:13 Castle Age
14:38 Horse Collar
14:45 Double-Bit Axe
21:12 Wheelbarrow
22:29 Scale Barding Armor
Don't Worry Be Happy
7:13 Loom
11:28 Feudal Age
15:07 Castle Age
15:51 Double-Bit Axe
17:01 Horse Collar
21:44 Fletching
Connection lost

Rejoining the realm…

Still unreachable

The connection could not be restored.

Session expired

The server has moved on; the page needs a fresh start.